Get step-by-step instructions on how to execute this build order below. Start the game timer, and the build order will tick by so you can play in parallel with StarCraft on a second screen or mobile device.

Game Time

  0:00

Last Step

  N/A

Next Step

Upcoming Step



Don't want to look back and forth between 2 screens? Try out our Overwolf App, the Spawning Tool Build Advisor to get an in-game overlay with this build!

Complete Build Order

  12  0:00  Probe  
  13  0:12  Probe  
  14  0:17  Pylon  
  14  0:24  Probe  
  15  0:32  Probe  
  15  0:36  Gateway  
  15  0:40  Probe  
  16  0:45  Assimilator  
  17  0:50  Probe  
  18  1:03  Probe  
  19  1:15  Probe  
  20  1:23  Cybernetics Core  
  20  1:32  Nexus  
  20  1:36  Probe  
  21  1:42  Pylon  
  21  1:48  Probe  
  21  1:51  Stalker, Assimilator  
  22  2:00  Probe  
  23  2:06  Warp Gate  
  25  2:12  Probe  
  26  2:20  Sentry  
  26  2:22  Probe  
  29  2:30  Probe  
  30  2:38  Probe  
  30  2:39  Robotics Facility  
  30  2:40  Probe  
  31  2:47  Stalker  
  31  2:48  Probe  
  31  2:50  Probe  
  36  2:58  Probe  
  36  3:02  Probe  
  38  3:06  Gateway  
  38  3:09  Gateway  
  38  3:11  Probe  
  39  3:15  Probe  
  40  3:23  Probe  
  40  3:24  Pylon  
  42  3:27  Probe  
  42  3:28  Observer, Shield Battery  
  43  3:35  Pylon, Probe  
  43  3:39  Probe  
  43  3:40  Assimilator  
  45  3:42  Assimilator  
  45  3:43  Immortal  
  45  3:47  Probe  
  46  3:51  Probe  
  51  3:59  Probe  
  52  4:03  Probe  
  52  4:04  Twilight Council  
  52  4:07  Forge  
  53  4:11  Probe  
  53  4:13  Protoss Ground Weapons Level 1  
  53  4:15  Probe  
  55  4:17  Pylon  
  55  4:30  Charge  
  55  4:40  Gateway  
  55  4:41  Gateway  
  55  4:43  Gateway  
  55  4:45  Gateway  
  55  4:48  Gateway  
  55  4:52  Gateway  
  55  4:58  Templar Archives  
  55  5:05  Warp Prism  
  57  5:10  Zealot  
  57  5:12  Zealot  
  61  5:16  Zealot  
  61  5:21  Pylon  
  63  5:23  Pylon  
  63  5:29  Pylon  
  63  5:35  Observer  
  63  5:39  High Templar x4  
  71  5:43  Archon  
  71  5:44  Archon  
  71  5:45  Zealot x3  
  71  5:46  Zealot  
  79  5:50  Zealot  
  81  6:04  Pylon  
  81  6:09  High Templar x2  
  85  6:11  Zealot x4  
  85  6:17  Archon  
  93  6:22  Zealot x3  
  99  6:36  Zealot x2  
  97  6:57  Zealot x4  
  93  7:09  Zealot x5